 Dungeon Crawl Stone Soup version 0.18-b1-2-gd0c887e (webtiles) character file.

415 RudyRod the Chiller (level 6, -1/43 HPs)
             Began as a Demonspawn Ice Elementalist on Apr 28, 2016.
             Was an Initiate of Kikubaaqudgha.
             Slain by a wraith (6 damage)
             ... in an ossuary.
             The game lasted 00:51:57 (4572 turns).

RudyRod the Chiller (Demonspawn Ice Elementalist)   Turns: 4572, Time: 00:51:57

Health: -1/43      AC:  8    Str:  8    XL:     6   Next: 60%
Magic:  0/11       EV: 12    Int: 19    God:    Kikubaaqudgha [......]
Gold:   159        SH:  0    Dex: 13    Spells: 3 memorised, 5 levels left

rFire  + . .     SeeInvis .     v - +3 short sword
rCold  . . .     Gourm    .     z - +2 leather armour
rNeg   . . .     Faith    .     (no shield)
rPois  .         Spirit   +     (no helmet)
rElec  .         Dismiss  .     (no cloak)
rCorr  .         Reflect  .     m - +2 pair of gloves
SustAt .         Harm     .     (no boots)
MR     .....                    f - amulet of guardian spirit
Stlth  +.........               (no ring)
                                e - ring of protection from fire

@: about to teleport, slowed, drained, very slow, not resistant to hostile
enchantments, very unstealthy
A: hooves 1, magic shield
a: Renounce Religion


You were in an ossuary.
You worshipped Kikubaaqudgha.
Kikubaaqudgha was noncommittal.
You were not hungry.

You visited 1 branch of the dungeon, and saw 4 of its levels.
You also visited: Ossuary.

You collected 159 gold pieces.

Inventory:

Hand Weapons
 g - a +0 short sword
 j - a +0 club
 q - a +0 long sword
 r - a +0 hand axe
 t - a cursed -1 hunting sling
 v - a +3 short sword (weapon)
 A - a +1 dagger of protection
Missiles
 h - 88 arrows
 k - 28 poisoned needles
 u - 97 stones (quivered)
Armour
 a - a +1 robe
 m - a +2 pair of gloves (worn)
 n - a +0 pair of gloves
 z - a +2 leather armour (worn)
 E - the +1 leather armour of Minor Irritation {rPois, unknown}
   (You found it on level 4 of the Dungeon)

   It protects you from poison.
Jewellery
 e - a ring of protection from fire (left hand)
 f - an amulet of guardian spirit (around neck)
 o - an uncursed amulet of harm {unknown}
Wands
 x - a wand of polymorph (1/24)
 y - a wand of polymorph (8/24)
Scrolls
 d - a scroll of brand weapon {unknown}
 i - 2 scrolls of teleportation
 C - 2 scrolls of identify
 F - a scroll of enchant weapon {unknown}
Potions
 l - 2 potions of lignification {unknown}
 p - a potion of curing
 s - a potion of brilliance {unknown}
 w - a potion of might {unknown}
 B - a potion of cure mutation {unknown}
 G - a potion of haste {unknown}
Books
 b - a book of Frost

   Spells                             Type                      Level
   a - Freeze                         Ice                          1
   b - Throw Frost                    Conjuration/Ice              2
   c - Ozocubu's Armour               Charms/Ice                   3
   d - Throw Icicle                   Conjuration/Ice              4
   e - Summon Ice Beast               Ice/Summoning                4
Comestibles
 c - a bread ration
 D - 2 fruits


   Skills:
 + Level 1.1(0.7) Fighting
 + Level 1.1(0.7) Long Blades
 + Level 0.6(0.2) Throwing
 + Level 0.6(0.2) Armour
 + Level 3.2(2.8) Dodging
 + Level 2.0(1.6) Stealth
 + Level 3.8(3.4) Spellcasting
 + Level 1.7(1.3) Conjurations
 + Level 4.1(3.7) Ice Magic


You had 5 spell levels left.
You knew the following spells:

 Your Spells              Type           Power        Failure   Level  Hunger
a - Freeze                Ice            ###.         4%          1    None
b - Throw Frost           Conj/Ice       ##....       14%         2    ##.....
c - Throw Icicle          Conj/Ice       ##......     82%         4    ####...


Dungeon Overview and Level Annotations

Branches:
Dungeon (4/15)
 Temple: D:4-7

Altars:
Fedhas
Kikubaaqudgha
Qazlal


Innate Abilities, Weirdness & Mutations

You have large cloven feet.
When hurt, damage is shared between your health and your magic reserves.


Message History

The flying skull gives a hideous shriek!
The wraith hits you.
* * * LOW HITPOINT WARNING * * *
You see here a scroll labeled WYGEPT LIASU.
Drink which item? (? for menu, Esc to quit)
You feel better. The wraith hits you.
* * * LOW HITPOINT WARNING * * *
The wraith drains your vigour!
You feel as though you will be slow longer.
The wraith hits you!
* * * LOW HITPOINT WARNING * * *
The wraith drains your vigour!
You feel as though you will be slow longer.
You offer a prayer to Kikubaaqudgha.
Kikubaaqudgha is noncommittal.
Read which item? (? for menu, Esc to quit)
As you read the scroll of teleportation, it crumbles to dust.
You feel strangely unstable. The wraith hits you!
You die...
Kikubaaqudgha rasps: "You have failed me!
Welcome... death!"

#.#
#######'#######
#.............#
#.'##.###.##+.#
#.#.#.#z#.# #
#.###.###.###.#
#.............#
#......W......#
#.###.!?@.###.#
#. #.?!!.#
#.??!.#
........
...........
.###.###.### #.
.# #. .#


You could see a wraith and a flying skull.

Vanquished Creatures
  Grinder (D:3)
  A wight (Ossuary)
  Ijyb (D:3)
  3 gnolls (D:3)
  3 adders
  2 adder skeletons (D:3)
  A worm (D:2)
  2 dart slugs
  4 giant geckos
  An orc (D:3)
  6 bats
  3 giant cockroaches
  7 goblins
  12 hobgoblins
  8 jackals
  5 kobolds
  A quokka (D:3)
  3 ball python skeletons (Ossuary)
  5 giant newts
  A hobgoblin skeleton (Ossuary)
  A hobgoblin zombie (Ossuary)
  An orc skeleton (Ossuary)
  2 orc zombies (Ossuary)
  8 rats
82 creatures vanquished.

Notes
Turn   | Place    | Note
--------------------------------------------------------------
     0 | D:1      | RudyRod the Demonspawn Ice Elementalist began the quest for the Orb.
     0 | D:1      | Reached XP level 1. HP: 13/13 MP: 3/3
   560 | D:1      | Gained mutation: You have large cloven feet. [demonic ancestry]
   560 | D:1      | Reached XP level 2. HP: 18/19 MP: 3/5
   568 | D:1      | Learned a level 2 spell: Throw Frost
   932 | D:1      | Reached skill level 3 in Ice Magic
  1114 | D:1      | Reached XP level 3. HP: 6/24 MP: 0/6
  2251 | D:3      | Reached XP level 4. HP: 21/31 MP: 0/7
  2625 | D:3      | Noticed Grinder
  2627 | D:3      | Noticed Ijyb
  2640 | D:3      | Paralysed by Grinder for 6 turns
  2649 | D:3      | Killed Ijyb
  2662 | D:3      | Killed Grinder
  2662 | D:3      | Reached skill level 1 in Fighting
  2662 | D:3      | Reached skill level 1 in Long Blades
  2662 | D:3      | Reached XP level 5. HP: 14/37 MP: 3/10
  2662 | D:3      | Gained mutation: When hurt, damage is shared between your health and your magic reserves. [demonic ancestry]
  2662 | D:3      | Reached XP level 6. HP: 17/43 MP: 3/11
  2896 | D:3      | Learned a level 4 spell: Throw Icicle
  3141 | D:3      | Reached skill level 4 in Ice Magic
  3985 | D:4      | Found an ancient bone altar of Kikubaaqudgha.
  3987 | D:4      | Found a blossoming altar of Fedhas.
  4006 | D:4      | Became a worshipper of Kikubaaqudgha
  4036 | D:4      | Got a translucent leather armour
  4061 | D:4      | Found a stormy altar of Qazlal.
  4065 | D:4      | Found a sand-covered staircase.
  4084 | Ossuary  | Entered an ossuary
  4530 | Ossuary  | Noticed a flying skull
  4530 | Ossuary  | Noticed a wraith
  4546 | Ossuary  | Noticed a wraith
  4568 | Ossuary  | Noticed a flying skull
  4572 | Ossuary  | Slain by a wraith

Skill      XL: |  1  2  3  4  5  6 |
---------------+-------------------+-----
Dodging        | 2 3 |  3.2
Ice Magic      | 3 4 |  4.1
Fighting       | 1 |  1.1
Long Blades    | 1 |  1.1
Stealth        | 2 |  2.0
Spellcasting   | 3 |  3.8
Throwing       | |  0.6
Armour         | |  0.6
Conjurations   | |  1.7

Action                   |  1- 3 |  4- 6 || total
-------------------------+-------+-------++-------
Melee: Short sword       |    43 |     6 ||    49
       Unarmed           |     7 |    14 ||    21
       Kick              |     9 |    16 ||    25
       Long sword        |    22 |    76 ||    98
Throw: Stone             |     8 |       ||     8
 Cast: Freeze            |    31 |    23 ||    54
       Throw Frost       |    22 |    32 ||    54
  Use: Scroll            |     8 |     5 ||    13
       Potion            |       |     2 ||     2
 Stab: Sleeping          |       |     1 ||     1
  Eat: Chunk             |     3 |       ||     3
       Meat ration       |     1 |       ||     1
       Bread ration      |       |     2 ||     2
       Beef jerky        |       |     1 ||     1
Armor: Robe              |    38 |     4 ||    42
       Skin              |       |     2 ||     2
       Leather armour    |       |    32 ||    32
Dodge: Dodged            |    83 |    91 ||   174
